 Dungeon Crawl Stone Soup version 0.25-a0-253-g6f1b5d974a (webtiles) character file.

Game seed: 15741689025339424683, levelgen mode: classic

100 Borgoz the Slasher (level 4, 0/27 HPs)
             Began as a Gargoyle Gladiator on Dec 5, 2019.
             Slain by a jackal (2 damage)
             ... on level 3 of the Dungeon.
             The game lasted 00:03:35 (2376 turns).

Borgoz the Slasher (Gargoyle Gladiator)             Turns: 2376, Time: 00:03:36

Health: 0/27       AC:  8    Str: 19    XL:     4   Next: 73%
Magic:  4/4        EV: 12    Int:  8    God:
Gold:   152        SH:  0    Dex: 11    Spells: 3/3 levels left

rFire    . . .     SeeInvis .   a - +1 long sword
rCold    . . .     Gourm    .   (no shield)
rNeg     + . .     Faith    .   b - +0 leather armour
rPois    ∞         Spirit   .   c - +0 helmet
rElec    +         Reflect  .   (no cloak)
rCorr    .         Harm     .   (no gloves)
MR       +....                  (no boots)
Stlth    ..........             h - amulet of inaccuracy (curse)
HPRegen  0.09/turn              l - ring of attention (curse)
MPRegen  0.09/turn              t - ring of protection from magic (curse)

@: no status effects
A: negative energy resistance 1, electricity resistance, unbreathing,
petrification resistance, rot immunity, AC +3
a: no special abilities


You were on level 3 of the Dungeon.
You were not hungry.

You visited 1 branch of the dungeon, and saw 3 of its levels.

You collected 152 gold pieces.

Inventory:

Hand Weapons
 a - a +1 long sword (weapon)
Armour
 b - a +0 leather armour (worn)
 c - a +0 helmet (worn)
Jewellery
 h - a cursed amulet of inaccuracy (around neck)
 k - a +4 amulet of reflection
 l - a cursed ring of attention (left hand)
 q - an uncursed ring of see invisible
 t - a cursed ring of protection from magic (right hand)
Scrolls
 e - a scroll of teleportation
 i - 2 scrolls of magic mapping
 j - a scroll of fear
 m - a scroll of enchant armour
Potions
 g - 2 potions of curing
 n - 2 potions of haste
 p - 2 potions of magic
Comestibles
 f - 7 rations
 o - 3 chunks of flesh


   Skills:
 + Level 2.9 Fighting
 * Level 3.5 Long Blades
 - Level 1.7 Throwing
 * Level 2.4 Armour
 + Level 2.8 Dodging


You had 3 spell levels left.
You didn't know any spells.
Your spell library was empty.

Dungeon Overview and Level Annotations

Branches:
Dungeon (3/15)

Altars:
Elyvilon
Fedhas
Makhleb


Innate Abilities, Weirdness & Mutations

You are resistant to torment.
Your stone body is resilient. (AC +3)
You are immune to poison.
You resist negative energy. (rN+)
You are resistant to electric shocks. (rElec)
You can survive without breathing.
You are immune to petrification.
You are immune to rotting.


Message History

You hit the ogre.
The ogre is heavily wounded.
The jackal barely misses you.
You riposte.
You barely miss the jackal.
The ogre struggles against the net.
The net rips apart, and the ogre comes free!
The jackal bites you.
You barely miss the ogre.
The ogre is heavily wounded.
The ogre hits you with a +0 giant club!!
Ouch! That really hurt!
* * * LOW HITPOINT WARNING * * *
The jackal misses you. The jackal barely misses you.
You barely miss the ogre.
The ogre is heavily wounded.
The ogre misses you.
You riposte.
You barely miss the ogre.
The ogre is heavily wounded.
The jackal bites you but does no damage.
The jackal closely misses you. x2
The jackal bites you.
You die...

#.................
###########.................(...
#.......<)..((.................#
#..########.(..................#
##..### ###(............#......#
##...###........(.............#
###.##........#..##..##.......
#.#.........lh##g..........#
#.#.........@Oh.w###.##....
#............##### #.# .
##...........# .w. #...........#
...l. ##........... .......
#.........## .........
#......... .....h.....
#......... ..#.......... .......


You could see an ogre, a dart slug, 2 jackals, a hobgoblin and a frilled lizard.

Vanquished Creatures
  4 adders
  A gnoll (D:1)
  3 dart slugs
  3 leopard geckos
  2 hobgoblins
  6 jackals
  2 quokkas
  7 bats
  5 frilled lizards
  A jackal skeleton (D:3)
  9 kobolds
  7 rats
50 creatures vanquished.

Notes
Turn   | Place    | Note
-------+----------+-------------------------------------------
     0 | D:1      | Borgoz the Gargoyle Gladiator began the quest for the Orb.
     0 | D:1      | Reached XP level 1. HP: 12/12 MP: 1/1
   185 | D:1      | Reached XP level 2. HP: 18/18 MP: 2/2
   216 | D:1      | Reached skill level 1 in Armour
   458 | D:1      | Reached skill level 3 in Long Blades
   458 | D:1      | Reached XP level 3. HP: 13/22 MP: 3/3
   861 | D:2      | Found a blossoming altar of Fedhas.
  1229 | D:2      | Found a white marble altar of Elyvilon.
  1285 | D:2      | Reached XP level 4. HP: 15/27 MP: 4/4
  1795 | D:2      | Found a burning altar of Makhleb.
  2356 | D:3      | Noticed an ogre
  2376 | D:3      | Slain by a jackal

Levels and vault maps discovered:
D:1:      dpeg_arrival_arbitrary_b, layout_basic
D:2:      layout_basic, nicolae_overflow_hidden_temple, lightli_temple_of_fire,
          overflow_temple_1_default, first_ration, minmay_tetromino_t2
D:3:      layout_rooms, chequers_ecumenical_altar_lobes,
          grunt_ashenzari_visionary [grunt_ashenzari_visionary_swamp,
          grunt_ashenzari_visionary_snake]

Skill      XL: |  1  2  3  4 |
---------------+-------------+-----
Armour         | 1 2 |  2.4
Long Blades    | 3 |  3.5
Fighting       | |  2.9
Throwing       | |  1.7
Dodging        | |  2.8

Action                   |  1- 3 |  4- 6 || total
-------------------------+-------+-------++-------
Melee: Long sword        |   118 |   127 ||   245
Throw: Throwing net      |       |     3 ||     3
  Use: Scroll            |     6 |     4 ||    10
 Stab: Held in net/web   |       |     2 ||     2
  Eat: Chunk             |     1 |     4 ||     5
Armor: Leather armour    |    47 |    51 ||    98
Dodge: Dodged            |   103 |    99 ||   202
Block: Other             |    17 |       ||    17
       Rpst.: Long sword |    37 |    30 ||    67

Table legend:
 A = Non-vault XP
 B = Vault XP
 C = Vault XP percentage of total XP
 D = Non-vault monster count
 E = Vault monster count
 F = Vault count percentage of total count
                 A         B        C        D         E       F
            +---------+---------+-------+---------+---------+-------
      Total |     141 |       2 |   1.4 |      49 |       1 |   2.0
            +---------+---------+-------+---------+---------+-------
        D:1 |      48 |       0 |   0.0 |      22 |       0 |   0.0
        D:2 |      59 |       2 |   3.3 |      19 |       1 |   5.0
        D:3 |      34 |       0 |   0.0 |       8 |       0 |   0.0
            +---------+---------+-------+---------+---------+-------
